 Dungeon Crawl Stone Soup version 0.23-a0-329-g6f3f904 (webtiles) character file.

877 namelastname112 the Skirmisher (level 7, 10/66 HPs)
             Began as a White Draconian Wanderer on Oct 16, 2018.
             Quit the game on level 5 of the Dungeon.
             The game lasted 00:08:35 (4533 turns).

namelastname112 the Skirmisher (DrWn)               Turns: 4533, Time: 00:08:35

Health: 10/66      AC:  7    Str: 17    XL:     7   Next: 75%
Magic:  2/2        EV: 14    Int:  8    God:
Gold:   260        SH:  0    Dex: 11    Spells: 8/8 levels left

rFire    . . .     SeeInvis .   s - +3 dagger (antimagic)
rCold    + . .     Gourm    .   (no shield)
rNeg     . . .     Faith    .   (armour unavailable)
rPois    .         Spirit   .   (helmet restricted)
rElec    .         Reflect  .   (no cloak)
rCorr    .         Harm     .   (no gloves)
MR       .....                  m - +0 pair of boots
Stlth    +.........             (no amulet)
HPRegen  0.21/turn              g - ring of flight
MPRegen  0.08/turn              r - -3 ring of intelligence (curse)

@: no status effects
A: breathe frost, unfitting armour, cold resistance 1, cold-blooded, AC +6
a: Breathe Frost, Evoke Flight


You were on level 5 of the Dungeon.
You were not hungry.

You visited 1 branch of the dungeon, and saw 5 of its levels.

You collected 260 gold pieces.

Inventory:

Hand Weapons
 h - a +0 dagger of venom
 s - a +3 antimagic dagger (weapon)
Armour
 m - a +0 pair of boots (worn)
Jewellery
 g - a ring of flight (left hand)
 r - a cursed -3 ring of intelligence (right hand)
 t - a +5 ring of evasion {unknown}
Scrolls
 a - a scroll of blinking {unknown}
 f - 3 scrolls of identify {unknown}
 i - a scroll of remove curse {unknown}
 n - a scroll of immolation {unknown}
 o - 3 scrolls of enchant armour {unknown}
 q - 3 scrolls of teleportation {unknown}
 v - a scroll of noise {unknown}
Potions
 b - a potion of lignification
 c - 3 potions of curing
 e - 2 potions of mutation {unknown}
 j - a potion of degeneration {unknown}
 k - a potion of flight {unknown}
 l - a potion of heal wounds {unknown}
 p - 2 potions of berserk rage
 u - a potion of magic {unknown}
Comestibles
 d - 5 rations


   Skills:
 + Level 7.6 Fighting
 - Level 1.0 Throwing
 + Level 5.5 Dodging
 - Level 1.0 Stealth
 - Level 1.0 Spellcasting
   Level 1.0 Earth Magic
   Level 3.0 Poison Magic


You had 8 spell levels left.
You didn't know any spells.
Your spell library was empty.

Dungeon Overview and Level Annotations

Branches:
Dungeon (5/15)
 Temple: D:4-7

Altars:
Dithmenos
Fedhas
Makhleb
Nemelex Xobeh
Qazlal
Uskayaw
Yredelemnul
Zin

Annotations:
D:3 2 transporters, feelmyfire's ghost, amateur DsSk
D:5 Eustachio


Innate Abilities, Weirdness & Mutations

You can breathe waves of freezing cold.
You can buffet flying creatures when you breathe cold.
Your icy white scales are hard. (AC +6)
You cannot fit into any form of body armour.
Your flesh is cold resistant. (rC+)
You are cold-blooded and may be slowed by cold attacks.


Message History

You take 1 damage, and have 28/66 hp.
You closely miss Eustachio.
Eustachio is heavily wounded.
Something hits you. Eustachio hits you with a +0 rapier.
You take 8 damage, and have 20/66 hp.
You completely miss Eustachio.
Eustachio is heavily wounded.
Something hits you but does no damage. Eustachio hits you with a +0 rapier.
* * * LOW HITPOINT WARNING * * *
You take 5 damage, and have 15/66 hp.
You hit Eustachio.
Eustachio's magic leaks into the air.
Eustachio is heavily wounded.
Something hits you but does no damage.
Eustachio falters for a moment.
You barely miss Eustachio.
Eustachio is heavily wounded.
Something hits you.
* * * LOW HITPOINT WARNING * * *
Eustachio closely misses you.
You take 5 damage, and have 10/66 hp.
Are you sure you want to abandon this character and quit the game? (Confirm

.... ... ... ###.. #####...####
...........# #....@)..#
#..@{..# .###......# ###
..###.##.%.....# #...#
#.#.......?##### ..#.# ##
#.....>..#.######)##.####
..#####.......................#
.............##...............#
..........#....................
...........#####..............#


You could see Eustachio.

Vanquished Creatures
  A sky beast (D:5)
  An ogre (D:4)
  2 scorpions
  2 crimson imps (D:5)
  A jelly (D:3)
  3 orc wizards
  An orc priest (D:5)
  3 iguanas (D:4)
  2 worker ants
  Natasha (thrice) (D:4)
  8 adders
  2 oozes (D:2)
  A worm (D:2)
  4 dart slugs
  2 leopard geckos
  15 orcs
  8 bats
  7 giant cockroaches
  6 goblins
  7 hobgoblins
  10 jackals
  7 kobolds
  A quokka (D:4)
  6 frilled lizards
  A giant cockroach zombie (D:5)
  A quokka skeleton (D:5)
  4 rats
109 creatures vanquished.

Notes
Turn   | Place    | Note
-------+----------+-------------------------------------------
     0 | D:1      | namelastname112 the Draconian Wanderer began the quest for
                  | the Orb.
     0 | D:1      | namelastname112 set off with: a +2 spear, a potion of
                  | lignification, a potion of curing, a ration
     0 | D:1      | Reached XP level 1. HP: 19/19 MP: 2/2
   113 | D:1      | Reached skill level 1 in Dodging
   113 | D:1      | Reached XP level 2. HP: 20/26 MP: 3/3
   516 | D:1      | Reached skill level 4 in Fighting
   664 | D:2      | Found a shadowy altar of Dithmenos.
   664 | D:2      | Found a stormy altar of Qazlal.
   664 | D:2      | Found a sparkling altar of Nemelex Xobeh.
   664 | D:2      | Found a burning altar of Makhleb.
   672 | D:2      | Reached XP level 3. HP: 13/33 MP: 4/4
  1147 | D:2      | Found a blossoming altar of Fedhas.
  1280 | D:2      | Found a hide-covered altar of Uskayaw.
  1307 | D:2      | Reached XP level 4. HP: 24/41 MP: 5/5
  1365 | D:2      | Found a basalt altar of Yredelemnul.
  1805 | D:3      | Found a transporter.
  2109 | D:3      | Found a transporter.
  2185 | D:3      | Noticed feelmyfire's ghost (amateur DsSk)
  2318 | D:3      | Reached skill level 5 in Fighting
  2401 | D:4      | Noticed Natasha
  2411 | D:4      | Killed Natasha
  2411 | D:4      | Reached XP level 5. HP: 46/48 MP: 6/6
  2429 | D:4      | Noticed Natasha
  2442 | D:4      | Killed Natasha
  2447 | D:4      | Noticed Natasha
  2456 | D:4      | Killed Natasha
  2703 | D:4      | Noticed an ogre
  2717 | D:4      | Killed an ogre
  2717 | D:4      | Reached XP level 6. HP: 44/57 MP: 7/7
  2726 | D:4      | Reached skill level 6 in Fighting
  2963 | D:4      | Found a glowing silver altar of Zin.
  3095 | D:5      | Entered Level 5 of the Dungeon
  3413 | D:3      | Your scales start taking on an icy white colour.
  3413 | D:3      | Reached XP level 7. HP: 16/64 MP: 8/8
  3413 | D:3      | Gained mutation: Your flesh is cold resistant. (rC+) [White
                  | Draconian growth]
  3795 | D:5      | Reached skill level 7 in Fighting
  3795 | D:5      | Reached skill level 5 in Dodging
  4514 | D:5      | Noticed Eustachio
  4533 | D:5      | Quit the game

Vault maps used:
D:1:      psy_arrival_dodecagon
D:2:      eat_drink_and_be_merry_uskayaw, nicolae_overflow_hidden_temple,
          grunt_temple_overflow_open, overflow_temple_1_default,
          grunt_decor_clamped, minmay_crystal_water
D:3:      gammafunk_ghost_stat_death, interstate_on_off
D:4:      lemuel_crystal_altar, uniq_natasha
D:5:      minmay_temple_entry_fiery, first_ration, uniq_eustachio

Skill      XL: |  1  2  3  4  5  6  7 |
---------------+----------------------+-----
Dodging        | 1 2 3 4 5 |  5.5
Fighting       | 4 5 6 7 |  7.6
Throwing       | |  1.0
Stealth        | |  1.0
Spellcasting   | |  1.0
Earth Magic    | |  1.0
Poison Magic   | |  3.0

Action                   |  1- 3 |  4- 6 |  7- 9 || total
-------------------------+-------+-------+-------++-------
Melee: Spear             |   133 |       |       ||   133
       Tailslap          |    15 |    39 |    25 ||    79
       Dagger            |    11 |   177 |   189 ||   377
 Abil: Breathe Frost     |       |       |     6 ||     6
  Use: Potion            |       |       |     3 ||     3
 Stab: Sleeping          |     2 |     1 |       ||     3
  Eat: Chunk             |     1 |     7 |     2 ||    10
       Ration            |       |       |     1 ||     1
Armor: Skin              |    43 |    55 |    84 ||   182
Dodge: Dodged            |    90 |   159 |   140 ||   389

Table legend:
 A = Non-vault XP
 B = Vault XP
 C = Vault XP percentage of total XP
 D = Non-vault monster count
 E = Vault monster count
 F = Vault count percentage of total count
                 A         B        C        D         E       F
            +---------+---------+-------+---------+---------+-------
      Total |    1218 |      36 |   2.9 |     108 |       1 |   0.9
            +---------+---------+-------+---------+---------+-------
        D:1 |      39 |       0 |   0.0 |      21 |       0 |   0.0
        D:2 |      63 |       0 |   0.0 |      19 |       0 |   0.0
        D:3 |     130 |       0 |   0.0 |      22 |       0 |   0.0
        D:4 |     515 |      36 |   6.5 |      23 |       1 |   4.2
        D:5 |     471 |       0 |   0.0 |      23 |       0 |   0.0
            +---------+---------+-------+---------+---------+-------
